 Dungeon Sprint DCSS version 0.21.1-1-g345015f (webtiles) character file.

11300000 doot the Conqueror (level 27, -28/273 HPs)
             Began as a Ghoul Warper on May 1, 2018.
             Was the Champion of Makhleb.
             Annihilated by The Servant
             ... wielding a +9 glaive of flaming
              (44 damage)
             ... in the Dungeon (Sprint VIII: "Arena of Blood").
             The game lasted 00:04:14 (113 turns).

doot the Conqueror (Ghoul Warper)                    Turns: 113, Time: 00:04:15

Health: -28/273    AC:  6    Str: 19    XL:     27
Magic:  29/53      EV: 32    Int:  8    God:    Makhleb [******]
Gold:   0          SH:  0    Dex: 17    Spells: 80/80 levels left

rFire    . . .     SeeInvis .   k - +∞ Axe of Woe
rCold    + . .     Gourm    .   (shield currently unavailable)
rNeg     + + +     Faith    .   a - +0 leather armour
rPois    ∞         Spirit   .   (no helmet)
rElec    .         Reflect  .   (no cloak)
rCorr    .         Harm     .   (no gloves)
MR       ++...     NoTele   +   (no boots)
Stlth    +++++++++.             (no amulet)
HPRegen  0.00/turn              (no ring)
MPRegen  0.33/turn              (no ring)

@: marked, rotting
A: rotting body, claws 1, carnivore, cold resistance 1, negative energy
resistance 3, inhibited regeneration, torment resistance, unbreathing
a: Minor Destruction, Lesser Servant of Makhleb, Major Destruction, Greater
Servant of Makhleb, Renounce Religion


You were in the Dungeon.
You worshipped Makhleb.
Makhleb was exalted by your worship.
You were not hungry.

You visited 1 branch

Inventory:

Hand Weapons
 k - the +∞ Axe of Woe (weapon)
   (You found it in the Dungeon)
Missiles
 d - 5 tomahawks of dispersal (quivered)
Armour
 a - a +0 leather armour (worn)
Scrolls
 c - 2 scrolls of blinking
Potions
 e - a potion of curing
 g - a potion of heal wounds
 h - a potion of haste
 i - 2 potions of magic
 j - a potion of berserk rage
Books
 b - a book of Spatial Translocations

   Spells                             Type                      Level
   a - Blink                          Translocation                2
   b - Shroud of Golubria             Charms/Translocation         2
   c - Lesser Beckoning               Translocation                3
   d - Gell's Gravitas                Translocation                3
   e - Teleport Other                 Translocation                3
   f - Passage of Golubria            Translocation                4
Comestibles
 f - a ration


   Skills:
 O Level 27 Fighting
 O Level 27 Axes
 O Level 27 Throwing
 O Level 27 Armour
 O Level 27 Dodging
 O Level 27 Stealth
 O Level 27 Unarmed Combat
 O Level 27 Spellcasting
   Level 2.6 Translocations
 O Level 27 Invocations


You had 80 spell levels left.
You didn't know any spells.

Dungeon Overview and Level Annotations

Branches:
Dungeon (1/1)

Altars:
Makhleb

Annotations:
D The Servant


Innate Abilities, Weirdness & Mutations

Your body is rotting away.
You thrive on raw meat.
You are immune to poison.
You have sharp fingernails.
You are carnivorous and can eat meat at any time.
Your flesh is cold resistant. (rC+)
You are immune to negative energy. (rN+++)
You do not regenerate when monsters are visible.
You are immune to unholy pain and torment.
You can survive without breathing.


Message History

You slice the bag of meat like a ripe choko!!!
You hew the bag of meat savagely.
You kill the bag of meat!
Makhleb accepts your kill.
You feel better.
You slash the large bag of meat!
You butcher the large bag of meat messily.
The large bag of meat explodes!
The fiery explosion engulfs the bag of meat. x2
The fiery explosion engulfs you! Makhleb accepts your kill.
You are engulfed in blazing flames.
The meat berserker is engulfed in blazing flames.
The bag of meat is engulfed in blazing flames.
The destroyer blinks!
The bag of meat moves out of view.
The bag of meat is engulfed in blazing flames.
The Servant is engulfed in blazing flames.
The Servant hits you from afar with a +9 glaive of flaming!!!!
* * * LOW HITPOINT WARNING * * *
The Servant burns you!!!
You die... ...o oo.M .. xoo #.. oo# #.. oo# . .###.. o@###oM oSoWoo###ooW.oo. oOo.%oo§@OO..Doo ..oo#o§§oV#oOooo . #§D§§§# ooo

....#%)))M#..O.L
....M.%_)%o....
..%..%###..%..o
.###.. %.###D.
#.. %.# . #. ..#


You could see 4 accurseds, a tyrant, The Servant, 2 eight-headed meat hydras, a
destroyer, a scourge, 3 large bags of meat, 2 dreads, a meat berserker
(berserk), a small abomination and 35 bags of meat.

Vanquished Creatures
  Sigmund (D)
  9 hell beasts (D)
  2 greater mummies (D)
  A great orb of eyes (D)
  5 wraiths (D)
  22 vampire knights (D)
  53 ogres (D)
  12 two-headed ogres (D)
  4 liches (D)
  5 hydras (D)
  72 orcs (D)
  A phantom (D)
  5 skeletal warriors (D)
  7 large abominations (D)
  8 small abominations (D)
  14 crawling corpses (D)
221 creatures vanquished.

Vanquished Creatures (others)
  A crawling corpse (D)
1 creature vanquished.

Grand Total: 222 creatures vanquished

Notes
Turn   | Place    | Note
-------+----------+-------------------------------------------
     0 | D        | Found the +∞ Axe of Woe
     0 | D        | doot the Ghoul Warper began the quest for the Orb.
     0 | D        | Reached XP level 1. HP: 17/17 MP: 2/2
     3 | D        | Noticed a bag of meat
     4 | D        | Noticed a bag of meat
     4 | D        | Became a worshipper of Makhleb the Destroyer
     5 | D        | Noticed a bag of meat
     5 | D        | Noticed a bag of meat
     6 | D        | Noticed a meat berserker
     9 | D        | Killed a meat berserker
     9 | D        | Reached skill level 5 in Axes
     9 | D        | Reached skill level 5 in Armour
     9 | D        | Reached skill level 15 in Spellcasting
     9 | D        | Reached XP level 2. HP: 50/50 MP: 2/17
     9 | D        | Reached XP level 3. HP: 57/57 MP: 2/19
     9 | D        | Reached XP level 4. HP: 64/64 MP: 2/20
     9 | D        | Reached XP level 5. HP: 72/72 MP: 2/22
     9 | D        | Reached XP level 6. HP: 80/80 MP: 2/23
     9 | D        | Reached XP level 7. HP: 86/86 MP: 2/25
     9 | D        | Reached XP level 8. HP: 94/94 MP: 2/26
     9 | D        | Reached XP level 9. HP: 101/101 MP: 2/27
     9 | D        | Reached XP level 10. HP: 110/110 MP: 2/28
     9 | D        | Reached XP level 11. HP: 116/116 MP: 2/29
     9 | D        | Reached XP level 12. HP: 124/124 MP: 2/30
     9 | D        | Reached XP level 13. HP: 130/130 MP: 2/31
     9 | D        | Killed a bag of meat
     9 | D        | Reached * piety under Makhleb
     9 | D        | Reached skill level 5 in Throwing
     9 | D        | Reached skill level 15 in Dodging
     9 | D        | Reached XP level 14. HP: 143/143 MP: 2/34
    10 | D        | Killed a bag of meat
    10 | D        | Noticed a bag of meat
    11 | D        | Noticed a meat berserker
    11 | D        | Killed a bag of meat
    11 | D        | Reached XP level 15. HP: 155/155 MP: 2/37
    12 | D        | Killed a meat berserker
    12 | D        | Reached ** piety under Makhleb
    12 | D        | Reached XP level 16. HP: 144/168 MP: 3/39
    12 | D        | Reached skill level 10 in Axes
    13 | D        | Noticed a meat berserker
    13 | D        | Noticed a meat berserker
    15 | D        | Killed a meat berserker
    15 | D        | Reached *** piety under Makhleb
    15 | D        | Reached XP level 17. HP: 183/183 MP: 4/43
    16 | D        | Noticed a destroyer
    17 | D        | Killed a meat berserker
    17 | D        | Reached skill level 10 in Armour
    17 | D        | Reached XP level 18. HP: 196/196 MP: 5/44
    18 | D        | Noticed a meat berserker
    18 | D        | Noticed a destroyer
    19 | D        | Killed a destroyer
    19 | D        | Reached skill level 27 in Fighting
    19 | D        | Reached skill level 27 in Unarmed Combat
    20 | D        | Reached **** piety under Makhleb
    20 | D        | Reached XP level 19. HP: 207/207 MP: 6/47
    20 | D        | Killed a destroyer
    20 | D        | Reached skill level 10 in Throwing
    20 | D        | Reached skill level 5 in Stealth
    20 | D        | Reached skill level 27 in Spellcasting
    21 | D        | Killed a meat berserker
    21 | D        | Reached skill level 27 in Dodging
    21 | D        | Reached XP level 20. HP: 216/216 MP: 6/50
    21 | D        | Reached skill level 27 in Axes
    22 | D        | Noticed a meat berserker
    22 | D        | Reached ***** piety under Makhleb
    22 | D        | Reached skill level 15 in Armour
    24 | D        | Noticed a destroyer
    24 | D        | Reached skill level 15 in Stealth
    24 | D        | Reached XP level 21. HP: 224/224 MP: 7/51
    25 | D        | Noticed a meat berserker
    26 | D        | Noticed a meat berserker
    26 | D        | Killed a meat berserker
    27 | D        | Killed a destroyer
    27 | D        | Reached XP level 22. HP: 233/233 MP: 8/52
    29 | D        | Reached ****** piety under Makhleb
    29 | D        | Reached skill level 27 in Throwing
    29 | D        | Reached skill level 27 in Armour
    31 | D        | Reached skill level 27 in Stealth
    33 | D        | Reached XP level 23. HP: 187/240 MP: 9/53
    35 | D        | Reached skill level 27 in Invocations
    37 | D        | Noticed a destroyer
    38 | D        | Reached XP level 24. HP: 249/249 MP: 11/53
    41 | D        | Noticed a large bag of meat
    41 | D        | Killed a destroyer
    44 | D        | Noticed a destroyer
    44 | D        | Noticed an accursed
    45 | D        | Killed a destroyer
    45 | D        | Reached XP level 25. HP: 257/257 MP: 12/53
    46 | D        | Noticed a destroyer
    47 | D        | Noticed a destroyer
    48 | D        | Noticed a destroyer
    49 | D        | Noticed a destroyer
    49 | D        | Killed a large bag of meat
    49 | D        | Reached XP level 26. HP: 266/266 MP: 13/53
    50 | D        | Noticed a tyrant
    52 | D        | Killed an accursed
    52 | D        | Reached XP level 27. HP: 273/273 MP: 14/53
    53 | D        | Killed a destroyer
    53 | D        | Killed a destroyer
    53 | D        | Noticed a tyrant
    54 | D        | Noticed a destroyer
    55 | D        | Noticed a destroyer
    55 | D        | Noticed a destroyer
    55 | D        | Killed a tyrant
    56 | D        | Killed a tyrant
    56 | D        | Noticed The Captor
    57 | D        | Killed a destroyer
    59 | D        | Noticed a destroyer
    60 | D        | Killed a destroyer
    64 | D        | Killed a destroyer
    64 | D        | Killed The Captor
    65 | D        | Killed a destroyer
    67 | D        | Noticed a dread
    68 | D        | Noticed a large bag of meat
    68 | D        | Killed a destroyer
    69 | D        | Noticed a meat beast
    69 | D        | Killed a destroyer
    70 | D        | Noticed a meat beast
    70 | D        | Noticed a destroyer
    70 | D        | Noticed a dread
    70 | D        | Noticed a large bag of meat
    71 | D        | Noticed a meat beast
    71 | D        | Killed a meat beast
    72 | D        | Noticed a tyrant
    72 | D        | Noticed a destroyer
    72 | D        | Noticed a dread
    72 | D        | Killed a meat beast
    73 | D        | Noticed a destroyer
    74 | D        | Noticed a destroyer
    75 | D        | Noticed a large bag of meat
    75 | D        | Killed a large bag of meat
    76 | D        | Noticed a destroyer
    76 | D        | Noticed a large bag of meat
    76 | D        | Noticed a meat beast
    76 | D        | Killed a dread
    76 | D        | Killed a tyrant
    76 | D        | Killed a meat beast
    77 | D        | Killed a destroyer
    79 | D        | Noticed a destroyer
    80 | D        | Killed a dread
    81 | D        | Killed a destroyer
    81 | D        | Killed a large bag of meat
    82 | D        | Noticed a large bag of meat
    83 | D        | Killed a destroyer
    84 | D        | Killed a destroyer
    85 | D        | Noticed a dread
    85 | D        | Noticed a meat beast
    85 | D        | Noticed a destroyer
    85 | D        | Noticed a dread
    85 | D        | Noticed a dread
    87 | D        | Noticed a meat beast
    87 | D        | Killed a meat beast
    88 | D        | Noticed a meat beast
    88 | D        | Killed a destroyer
    89 | D        | Noticed a meat beast
    91 | D        | Noticed a large bag of meat
    91 | D        | Killed a destroyer
    91 | D        | Killed a meat beast
    92 | D        | Noticed an accursed
    92 | D        | Killed a meat beast
    92 | D        | Killed a destroyer
    92 | D        | Killed a meat beast
    93 | D        | Killed a dread
    94 | D        | Noticed a meat beast
    94 | D        | Killed a meat beast
    95 | D        | Killed a dread
    95 | D        | Killed a meat beast
    96 | D        | Noticed a large bag of meat
    98 | D        | Noticed a large bag of meat
    98 | D        | Killed a large bag of meat
    99 | D        | Noticed a large bag of meat
    99 | D        | Noticed a large bag of meat
    99 | D        | Killed an accursed
    99 | D        | Killed a large bag of meat
   100 | D        | Noticed a destroyer
   100 | D        | Noticed The Servant
   101 | D        | Noticed a large bag of meat
   103 | D        | Noticed a destroyer
   103 | D        | Killed a large bag of meat
   103 | D        | Killed a destroyer
   104 | D        | Noticed a tyrant
   104 | D        | Killed a large bag of meat
   105 | D        | Noticed a large bag of meat
   105 | D        | Killed a large bag of meat
   107 | D        | Killed a dread
   108 | D        | Killed a large bag of meat
   109 | D        | Noticed a large bag of meat
   109 | D        | Noticed a dread
   109 | D        | Noticed a dread
   109 | D        | Noticed a destroyer
   110 | D        | Noticed an accursed
   110 | D        | Noticed an accursed
   110 | D        | Killed a destroyer
   110 | D        | Killed a large bag of meat
   111 | D        | Noticed an accursed
   112 | D        | Noticed an accursed
   112 | D        | Noticed a large bag of meat
   112 | D        | Killed a large bag of meat
   113 | D        | Killed a tyrant
   113 | D        | Killed a large bag of meat
   113 | D        | Annihilated by The Servant

Skill      XL: |  1  2  3  4  5  6  7  8  9 10 11 12 13 14 15 16 17 18 19 20 21 22 23 |
---------------+----------------------------------------------------------------------+-----
Fighting       | 16 18 20 21 24 25 27 | 27.0
Axes           | 5 6 8 9 13 14 18 25 27 | 27.0
Throwing       | 4 5 6 7 8 9 11 18 25 27 | 27.0
Armour         | 5 6 7 8 9 10 11 12 18 25 27 | 27.0
Dodging        | 14 15 17 18 21 22 23 27 | 27.0
Unarmed Combat | 16 17 19 21 24 25 27 | 27.0
Spellcasting   | 15 17 19 20 23 25 27 | 27.0
Stealth        | 2 4 7 15 23 27 | 27.0
Invocations    | 26 27 | 27.0
Translocations | |  2.6

Action                   |  1- 3 |  4- 6 |  7- 9 | 10-12 | 13-15 | 16-18 | 19-21 | 22-24 | 25-27 || total
-------------------------+-------+-------+-------+-------+-------+-------+-------+-------+-------++-------
Melee: Executioner's axe |     1 |       |       |       |     3 |     5 |     5 |    13 |    60 ||    87
Invok: Greater Servant o |       |       |       |       |       |       |       |       |     4 ||     4
Armor: Leather armour    |       |       |       |       |       |       |       |       |     1 ||     1
Dodge: Dodged            |       |       |       |       |       |       |       |       |     4 ||     4
